 Dungeon Crawl Stone Soup version 0.27.1-35-g4d5d836560 (webtiles) character file.

Game seed: 10786779207209722381

239 0gre the Chiller (level 6, -7/44 HPs)
             Began as a Gnoll Ice Elementalist on July 30, 2022.
             Killed by nerve-wracking pain
             ... invoked by Grinder
              (10 damage)
             ... on level 4 of the Dungeon on Aug 1, 2022.
             The game lasted 00:17:21 (3330 turns).

0gre the Chiller (Gnoll Ice Elementalist)           Turns: 3330, Time: 00:17:22

Health: -7/44      AC:  4    Str:  7    XL:     6   Next: 7%
Magic:  8/13       EV: 13    Int: 16    God:
Gold:   126        SH:  0    Dex: 13    Spells: 11/15 levels left

rFire    . . .     SeeInvis .   d - +0 hand axe
rCold    . . .     Faith    .   (no shield)
rNeg     . . .     Spirit   .   s - +0 robe
rPois    .         Reflect  .   (no helmet)
rElec    .         Harm     .   r - +0 cloak
rCorr    .         Rampage  .   (no gloves)
Will     .....                  k - +0 pair of boots
Stlth    +++.......             (no amulet)
HPRegen  0.14/turn              (no ring)
MPRegen  0.13/turn              (no ring)

@: flying
A: fangs 1, strong nose, distributed training
a: no special abilities


You were on level 4 of the Dungeon.
You visited 1 branch of the dungeon, and saw 4 of its levels.

You collected 126 gold pieces.

Inventory:

Hand Weapons
 a - a +0 mace
 b - a +0 hunting sling
 c - a +0 spear
 d - a +0 hand axe (weapon)
Missiles
 e - 56 arrows
 f - 4 poisoned darts (quivered)
 t - 23 stones
 v - 12 sling bullets
Armour
 k - a +0 pair of boots (worn)
 o - a +1 ring mail of poison resistance
 r - a +0 cloak (worn)
 s - a +0 robe (worn)
Jewellery
 x - a ring of flight
Scrolls
 g - 4 scrolls of identify {unknown}
 i - 2 scrolls of fog {unknown}
 l - a scroll of vulnerability {unknown}
 n - a scroll of noise {unknown}
 p - a scroll of fear {unknown}
 y - a scroll of torment {unknown}
Potions
 m - a potion of curing {unknown}
 q - a potion of invisibility {unknown}
 u - a potion of haste {unknown}
 w - a potion of lignification {unknown}
 z - a potion of cancellation {unknown}


   Skills:
 + Level 1.8 Fighting
 + Level 1.8 Short Blades
 + Level 1.8 Long Blades
 + Level 1.8 Axes
 + Level 1.8 Maces & Flails
 + Level 1.8 Polearms
 + Level 1.8 Staves
 + Level 1.8 Slings
 + Level 1.8 Bows
 + Level 1.8 Crossbows
 + Level 1.8 Throwing
 + Level 1.8 Armour
 + Level 4.9 Dodging
 + Level 4.5 Stealth
 + Level 1.8 Shields
 + Level 1.8 Unarmed Combat
 + Level 5.3 Spellcasting
 + Level 1.4 Conjurations
 + Level 1.4 Hexes
 + Level 1.4 Summonings
 + Level 1.4 Necromancy
 + Level 1.4 Translocations
 + Level 1.4 Transmutations
 + Level 1.4 Fire Magic
 + Level 7.2 Ice Magic
 + Level 1.4 Air Magic
 + Level 1.4 Earth Magic
 + Level 1.4 Poison Magic
 + Level 2.0 Invocations
 + Level 1.8 Evocations


You had 11 spell levels left.
You knew the following spells:

 Your Spells              Type           Power      Damage    Failure   Level
a - Freeze                Ice            100%       1d11      1%          1
b - Frozen Ramparts       Ice            54%        1d7       2%          3

Your spell library contained the following spells:

 Spells                   Type           Power      Damage    Failure   Level
 Ozocubu's Armour         Ice            27%        N/A       2%          3
 Ensorcelled Hibernation  Hex/Ice        36%        N/A       3%          2
 Corona                   Hex            8%         N/A       9%          1
 Hailstorm                Conj/Ice       18%        3d6       24%         4
 Tukima's Dance           Hex            8%         N/A       26%         3


Dungeon Overview and Level Annotations

Branches:
Dungeon (4/15)
 Temple: D:4-7

Altars:
Cheibriados
Dithmenos
Kikubaaqudgha
Makhleb
The Shining One

Shops:
D:1 [

Annotations:
D:4 Grinder


Innate Abilities, Weirdness & Mutations

You have very sharp teeth.
Your uncanny sense of smell can sniff out nearby items.
Your experience applies equally to all skills.


Message History

The wall freezes Grinder but does no damage.
Grinder hits you!
You hit Grinder but do no damage.
Grinder is heavily wounded.
Grinder resists.
The wall freezes Grinder.
Grinder closely misses you.
You hit Grinder.
Grinder is heavily wounded.
Grinder resists.
The wall freezes Grinder.
Grinder hits you.
You writhe in agony.
Grinder completely resists.
The wall freezes Grinder but does no damage.
Grinder gestures at you.
You suddenly lose the ability to move!
Grinder completely resists.
The wall freezes Grinder but does no damage.
Grinder hits you.
Grinder completely resists.
The wall freezes Grinder but does no damage.
Grinder says, "Just stop there for a second..."
Grinder hits you!
* * * LOW HITPOINT WARNING * * *
You writhe in agony.
* * * LOW HITPOINT WARNING * * *
Grinder completely resists.
The wall freezes Grinder but does no damage.
Grinder hits you.
* * * LOW HITPOINT WARNING * * *
You writhe in agony.
* * * LOW HITPOINT WARNING * * *
The frozen ramparts melt away.
Grinder gestures at you.
You shrug off the repeated paralysis!
Grinder hits you but does no damage.
Grinder blinks!
You can move again.
It was a potion of flight.
You feel very buoyant.
You fly up into the air.
Grinder gestures at you. Pain shoots through your body!
You die...

#.....#...#
#.....##..#####
######..##..##..# #
..########...#..# .#
..........<..#..# ..#
.............#..# .(.#
#...###.######(.# .....
###'##########..##...##
.....#..........@.....#
.....'..............(.#
.....#................#
#..####..###.5.###.####
#..####..###...# .#
#...#.....#....# .+
+...+.....#....# #
##.##.##.#######
#####.##.###..##


You could see Grinder.

Vanquished Creatures
  A phantom (D:4)
  A scorpion (D:4)
  A hound (D:4)
  2 worms
  3 dart slugs
  3 bats
  4 endoplasms
  A giant cockroach (D:2)
  9 hobgoblins
  3 jackals (D:2)
  5 kobolds
  3 quokkas
  7 ball pythons
  2 frilled lizards (D:2)
  5 goblins
  10 rats
60 creatures vanquished.

Notes
Turn   | Place    | Note
-------+----------+-------------------------------------------
     0 | D:1      | 0gre the Gnoll Ice Elementalist began the quest for the
                  | Orb.
     0 | D:1      | Reached XP level 1. HP: 13/13 MP: 6/6
   322 | D:1      | Found Ongoiroi's Antique Armour Shop.
   416 | D:1      | Reached XP level 2. HP: 19/19 MP: 7/7
  1337 | D:2      | Reached XP level 3. HP: 25/25 MP: 9/9
  1341 | D:2      | Learned a level 3 spell: Frozen Ramparts
  1373 | D:2      | Reached skill level 5 in Spellcasting
  1603 | D:2      | Found a faded altar of an unknown god.
  1698 | D:2      | Reached skill level 1 in Invocations
  2286 | D:3      | Reached skill level 1 in Fighting
  2286 | D:3      | Reached skill level 1 in Short Blades
  2286 | D:3      | Reached skill level 1 in Long Blades
  2286 | D:3      | Reached skill level 1 in Axes
  2286 | D:3      | Reached skill level 1 in Maces & Flails
  2286 | D:3      | Reached skill level 1 in Polearms
  2286 | D:3      | Reached skill level 1 in Staves
  2286 | D:3      | Reached skill level 1 in Slings
  2286 | D:3      | Reached skill level 1 in Bows
  2286 | D:3      | Reached skill level 1 in Crossbows
  2286 | D:3      | Reached skill level 1 in Throwing
  2286 | D:3      | Reached skill level 1 in Armour
  2286 | D:3      | Reached skill level 1 in Shields
  2286 | D:3      | Reached skill level 1 in Unarmed Combat
  2286 | D:3      | Reached skill level 1 in Evocations
  2397 | D:3      | Reached XP level 4. HP: 32/32 MP: 7/11
  2796 | D:4      | Reached skill level 1 in Conjurations
  2796 | D:4      | Reached skill level 1 in Hexes
  2796 | D:4      | Reached skill level 1 in Summonings
  2796 | D:4      | Reached skill level 1 in Necromancy
  2796 | D:4      | Reached skill level 1 in Translocations
  2796 | D:4      | Reached skill level 1 in Transmutations
  2796 | D:4      | Reached skill level 1 in Fire Magic
  2796 | D:4      | Reached skill level 1 in Air Magic
  2796 | D:4      | Reached skill level 1 in Earth Magic
  2796 | D:4      | Reached skill level 1 in Poison Magic
  2816 | D:4      | Noticed a phantom
  2831 | D:4      | Killed a phantom
  2832 | D:4      | Reached XP level 5. HP: 18/37 MP: 12/12
  3044 | D:4      | Found a glowing golden altar of the Shining One.
  3123 | D:4      | Reached XP level 6. HP: 38/44 MP: 9/13
  3187 | D:4      | Found a burning altar of Makhleb.
  3188 | D:4      | Found a snail-covered altar of Cheibriados.
  3189 | D:4      | Found an ancient bone altar of Kikubaaqudgha.
  3189 | D:4      | Found a shadowy altar of Dithmenos.
  3290 | D:4      | Noticed Grinder
  3291 | D:4      | Paralysed by Grinder for 6 turns
  3303 | D:4      | Paralysed by Grinder for 6 turns
  3323 | D:4      | Paralysed by Grinder for 7 turns
  3326 | D:4      | HP: 2/44 [Grinder (1)]
  3330 | D:4      | Killed from afar by Grinder

Illustrated notes

Levels and vault maps discovered:
D:1:      doesnt_arrival_eight_statues, layout_loops_ring, serial_shops,
          shop_statue, hangedman_abyss_or_decor_lesser_grid
D:2:      layout_basic, dreamdust_ecumenical_altar_angels_and_demons,
          grunt_decor_cap
D:3:      layout_rooms, minmay_cut_off
D:4:      layout_gridville, mainiacjoe_overflow_alcove_3,
          mainiacjoe_overflow_concentric_impassable,
          minmay_temple_entry_gardened_gates, uniq_grinder

Skill      XL: |  1  2  3  4  5 |
---------------+----------------+-----
Spellcasting   | 5 |  5.3
Invocations    | 1 2 |  2.0
Fighting       | 1 |  1.8
Short Blades   | 1 |  1.8
Long Blades    | 1 |  1.8
Axes           | 1 |  1.8
Maces & Flails | 1 |  1.8
Polearms       | 1 |  1.8
Staves         | 1 |  1.8
Slings         | 1 |  1.8
Bows           | 1 |  1.8
Crossbows      | 1 |  1.8
Throwing       | 1 |  1.8
Armour         | 1 |  1.8
Shields        | 1 |  1.8
Unarmed Combat | 1 |  1.8
Evocations     | 1 |  1.8
Conjurations   | 1 |  1.4
Hexes          | 1 |  1.4
Summonings     | 1 |  1.4
Necromancy     | 1 |  1.4
Translocations | 1 |  1.4
Transmutations | 1 |  1.4
Fire Magic     | 1 |  1.4
Air Magic      | 1 |  1.4
Earth Magic    | 1 |  1.4
Poison Magic   | 1 |  1.4
Dodging        | |  4.9
Stealth        | |  4.5
Ice Magic      | |  7.2

Action                   |  1- 3 |  4- 6 || total
-------------------------+-------+-------++-------
Melee: Staff             |     9 |       ||     9
       Spear             |    76 |       ||    76
       Bite              |     2 |     4 ||     6
       Hand axe          |     5 |    20 ||    25
       Short sword       |       |    14 ||    14
       Mace              |       |     8 ||     8
 Fire: Hunting sling     |     6 |    36 ||    42
Throw: Dart              |    10 |     3 ||    13
 Cast: Freeze            |     8 |       ||     8
       Frozen Ramparts   |     6 |     5 ||    11
  Use: Potion            |       |     3 ||     3
 Stab: Sleeping          |     6 |     1 ||     7
Armor: Robe              |    13 |    11 ||    24
Dodge: Dodged            |    53 |    25 ||    78
